 Dungeon Crawl Stone Soup version 0.30-a0-6-g7c9e10e132 (webtiles) character file.

Game seed: 1495240949795770644

51 Spectrina the Magician (level 4, -5/32 HPs)
             Began as a Djinni Venom Mage on Aug 22, 2022.
             Killed by divine providence
             ... invoked by an orc priest
              (12 damage)
             ... on level 3 of the Dungeon.
             The game lasted 00:05:45 (501 turns).

Spectrina the Magician (Djinni Venom Mage)           Turns: 501, Time: 00:05:45

Health: -5/32      AC:  2    Str:  7    XL:     4   Next: 7%
Gold:   19         EV: 12    Int: 19    God:
                   SH:  0    Dex: 13

rFire   + + .      SeeInvis .    i - +1 dagger (speed)
rCold   x . .      Faith    .    (no shield)
rNeg    . . .      Spirit   .    a - +0 robe
rPois   ∞          Reflect  .    (no helmet)
rElec   .          Harm     .    (no cloak)
rCorr   .          Rampage  .    (no gloves)
Will    .....                    (boots unavailable)
Stlth   ++........               (no amulet)
HPRegen 0.10/turn                (no ring)
MPRegen 0.00/turn                (no ring)

@: flying
A: sickness immunity, fire resistance 2, cold vulnerability 1, float, innate
caster, HP casting, extra vitality 1
a: no special abilities


You were on level 3 of the Dungeon.
You visited 1 branch of the dungeon, and saw 4 of its levels.

You collected 19 gold pieces.

Inventory:

Hand Weapons
 i - a +1 dagger of speed (weapon)
Armour
 a - a +0 robe (worn)
Scrolls
 e - a scroll of teleportation {unknown}
 h - a scroll of immolation {unknown}
 j - 3 scrolls of brand weapon {unknown}
Potions
 d - a potion of magic {unknown}
 f - a potion of flight {unknown}
 g - a potion of berserk rage {unknown}


   Skills:
 + Level 1.1 Fighting
 + Level 2.6 Dodging
 + Level 2.0 Stealth
 * Level 2.8 Spellcasting
 + Level 1.1 Invocations


You couldn't memorise any spells.
You knew the following spells:

 Your Spells              Type           Power      Damage    Failure   Level
a - Sting                 Tmut/Pois      52%        1d5       4%          1
j - Mephitic Cloud        Conj/Pois/Air  13%        N/A       14%         3
l - Slow                  Hex            52%        N/A       4%          1
q - Poisonous Vapours     Pois/Air       26%        N/A       7%          2
w - Olgreb's Toxic Radia  Pois           13%        N/A       43%         4
Your spell library was empty.

Dungeon Overview and Level Annotations

Branches:
Dungeon (4/15)
 Temple: D:4-7

Altars:

Annotations:
D:4 1 runed translucent door, SensoryNuts's ghost, amateur HOFi


Innate Abilities, Weirdness & Mutations

You are immune to sickness and miasma.
You are immune to poison.
Your flesh is very heat resistant. (rF++)
You are vulnerable to cold. (rC-)
You float through the air rather than walking.
You learn spells naturally, not from books.
Your magical power is your life essence.
You have superior vitality. (+4 MHP)


Message History

Aim: an orc priest, wielding a +0 club and wearing a +0 leather armour (71% to hit)
The sting hits the orc priest.
The orc priest is poisoned.
The orc priest is lightly wounded.
It was a potion of curing.
You feel better. The orc priest hits you with a +0 club.
Unknown command.
You hit the orc priest.
The orc priest is moderately wounded.
The orc priest completely misses you.
You closely miss the orc priest.
The orc priest is moderately wounded.
The orc priest calls down the wrath of Beogh upon you.
Beogh smites you!
* * * LOW HITPOINT WARNING * * *
It was a potion of ambrosia.
You are confused.
You feel invigorated.
The orc priest looks more healthy.
The orc priest hits you with a +0 club.
* * * LOW HITPOINT WARNING * * *
Unknown command.
You hit the orc priest but do no damage.
The orc priest is heavily wounded.
You barely miss the orc priest.
The orc priest is heavily wounded.
The orc priest mumbles some strange prayers to Beogh against you.
Beogh smites you!
* * * LOW HITPOINT WARNING * * *
You bump into the rock wall.
You feel less invigorated.
You feel less confused.
The orc priest casts a cantrip, but nothing happens.
You hit the orc priest but do no damage.
The orc priest is heavily wounded.
The orc priest closely misses you.
You hit the orc priest.
The orc priest is heavily wounded.
You hit the orc priest but do no damage.
The orc priest is heavily wounded.
The orc priest calls down the wrath of Beogh upon you.
Beogh smites you!
You die...

#.# #.# #.# #.# #.# #.#####
#.# #..:..# #.# #####.# #.#
#.# ###.###.# #.# #.......#
#.# #.#@##### #.#
#.#o##########.# .
#o#..........# .#
#o#..######### #'#
#.#'##### ##.#
..#.##..##########
##..#####..##...........
####...........##.#####.###
#.'...♣..>†.♣.....# #.#


You could see an orc priest and 2 orcs.

Vanquished Creatures
  4 adders
  An orc (D:3)
  A ball python (D:3)
  2 bats (D:2)
  An endoplasm (D:3)
  A giant cockroach (D:3)
  A goblin (D:2)
  A hobgoblin (D:2)
  A kobold (D:2)
  3 rats
16 creatures vanquished.

Notes
Turn   | Place    | Note
-------+----------+-------------------------------------------
     0 | D:1      | Spectrina the Djinni Venom Mage began the quest for the
                  | Orb.
     0 | D:1      | Spectrina set off with the following spells memorised:
                  | Sting, Poisonous Vapours, Mephitic Cloud, Olgreb's Toxic
                  | Radiance.
     0 | D:1      | Reached XP level 1. HP: 15/15 MP: 0/0
    28 | D:2      | Reached XP level 2. HP: 18/22 MP: 0/0
   141 | D:3      | Reached XP level 3. HP: 7/26 MP: 0/0
   141 | D:3      | Learned a level 1 spell: Slow
   234 | D:4      | Found a runed translucent door.
   237 | D:4      | Noticed SensoryNuts's ghost (amateur HOFi)
   285 | D:2      | Reached skill level 1 in Invocations
   325 | D:2      | Reached skill level 1 in Fighting
   375 | D:3      | Reached XP level 4. HP: 7/32 MP: 0/0
   501 | D:3      | Killed from afar by an orc priest

Illustrated notes

Levels and vault maps discovered:
D:1:      lightli_arrival_boilingwater, layout_basic, serial_shops,
          nicolae_shop_stone
D:2:      layout_basic, dreamdust_ecumenical_altar_sealed_demon, serial_glass,
          glass_columns_c, glass_columns_c, due_unseen_surprise,
          minmay_strange_pillars
D:3:      layout_loops_ring, minmay_liquid_box, grunt_ministairs_15
D:4:      layout_cave_pools, lemuel_doored_altar, temple_doors_cd,
          ebering_ghost_reflecting_pool

Skill      XL: |  1  2  3 |
---------------+----------+-----
Invocations    | 1 |  1.1
Fighting       | 1 |  1.1
Stealth        | 2 |  2.0
Dodging        | |  2.6
Spellcasting   | |  2.8

Action                   |  1- 3 |  4- 6 || total
-------------------------+-------+-------++-------
Melee: Unarmed           |     7 |       ||     7
       Dagger            |     7 |     8 ||    15
 Cast: Sting             |    24 |     1 ||    25
       Slow              |     1 |       ||     1
  Use: Potion            |       |     2 ||     2
 Stab: Sleeping          |       |     1 ||     1
Armor: Robe              |     5 |       ||     5
Dodge: Dodged            |    20 |     2 ||    22

Table legend: (Time is in decaauts)
 A = Elapsed time spent in this place.
 B = Non-inter-level travel time spent in this place.
 C = Inter-level travel time spent in this place.
 D = Time resting spent in this place.
 E = Time spent auto-exploring this place.
 F = Levels seen in this place.
 G = Mean time per level.
                   A        B        C        D        E       F      G
               +--------+--------+--------+--------+--------+-----+--------+
         Total |    494 |    494 |      0 |      0 |      0 |   4 |  123.5 |
       Dungeon |    494 |    494 |      0 |      0 |      0 |   4 |  123.5 |
               +--------+--------+--------+--------+--------+-----+--------+

Top non-repeatable levels by time:
     D:3: 309 daAuts
     D:2: 158 daAuts
     D:1: 18 daAuts
     D:4: 8 daAuts
